 Dungeon Crawl Stone Soup version 0.24.0-37-gcf1ca852f1 (webtiles) character file.

Game seed: 4204864591969098996, levelgen mode: deterministic

2364 KeeTraxx the Magician (level 9, -2/69 HPs)
             Began as a Gnoll Skald on Dec 2, 2019.
             Was a Follower of Okawaru.
             Killed by divine providence
             ... invoked by an orc priest
              (16 damage)
             ... on level 6 of the Dungeon.
             The game lasted 00:19:19 (5654 turns).

KeeTraxx the Magician (Gnoll Skald)                 Turns: 5654, Time: 00:19:19

Health: -2/69      AC: 13    Str: 13    XL:     9   Next: 44%
Magic:  18/18      EV: 12    Int: 18    God:    Okawaru [*.....]
Gold:   309        SH:  0    Dex: 16    Spells: 14/21 levels left

rFire    . . .     SeeInvis .   K - +0 trident
rCold    . . .     Gourm    .   (no shield)
rNeg     + . .     Faith    .   p - +4 scale mail
rPois    .         Spirit   .   (no helmet)
rElec    .         Reflect  .   x - +0 cloak
rCorr    .         Harm     .   a - +0 pair of gloves
MR       .....     Rnd*Tele +   (no boots)
Stlth    +.........             (no amulet)
HPRegen  0.21/turn              G - ring of teleportation (curse)
MPRegen  0.16/turn              g - ring of positive energy

@: lightly drained
A: distributed training, fangs 1, strong nose
a: Heroism, Renounce Religion


You were on level 6 of the Dungeon.
You worshipped Okawaru.
Okawaru was aware of your devotion.
You were hungry.

You visited 2 branches of the dungeon, and saw 7 of its levels.
You also visited: Ossuary.

You collected 309 gold pieces.

Inventory:

Hand Weapons
 K - a +0 trident (weapon)
 L - a +1 whip of pain
Missiles
 e - 8 atropa-tipped darts
 i - 71 sling bullets
 H - 6 poisoned darts (quivered)
Armour
 a - a +0 pair of gloves (worn)
 b - a +0 leather armour
 p - a +4 scale mail (worn)
 x - a +0 cloak (worn)
Jewellery
 g - a ring of positive energy (right hand)
 B - an uncursed ring of flight
 G - a cursed ring of teleportation (left hand)
Wands
 v - a wand of random effects (10)
 z - a wand of enslavement (7)
 F - a wand of iceblast (9)
Scrolls
 n - 2 scrolls of enchant armour
 s - 4 scrolls of teleportation
 u - a scroll of enchant weapon {unknown}
 w - 2 scrolls of remove curse
 y - a scroll of immolation
 I - 2 scrolls of fear
 M - a scroll of amnesia
Potions
 c - 3 potions of mutation
 f - 2 potions of flight {unknown}
 h - 3 potions of invisibility {unknown}
 j - a potion of berserk rage {unknown}
 k - 3 potions of heal wounds
 l - 3 potions of brilliance {unknown}
 m - a potion of haste {unknown}
 o - a potion of might {unknown}
 q - 2 potions of degeneration {unknown}
 r - a potion of agility {unknown}
 t - a potion of ambrosia {unknown}
 A - a potion of magic {unknown}
 D - 3 potions of curing {unknown}
 E - a potion of resistance {unknown}
 J - a potion of lignification {unknown}
Comestibles
 d - 7 rations
 C - 4 chunks of flesh


   Skills:
 + Level 6.2(6.0) Fighting
 + Level 4.1(3.9) Short Blades
 + Level 4.1(3.9) Long Blades
 + Level 4.1(3.9) Axes
 + Level 4.1(3.9) Maces & Flails
 + Level 6.2(6.0) Polearms
 + Level 4.1(3.9) Staves
 + Level 4.1(3.9) Slings
 + Level 4.1(3.9) Bows
 + Level 4.1(3.9) Crossbows
 + Level 4.1(3.9) Throwing
 + Level 5.0(4.8) Armour
 + Level 6.2(6.0) Dodging
 + Level 4.1(3.9) Stealth
 + Level 4.1(3.9) Shields
 + Level 4.1(3.9) Unarmed Combat
 + Level 6.6(6.3) Spellcasting
 + Level 3.4(3.2) Conjurations
 + Level 3.4(3.2) Hexes
 + Level 6.5(6.3) Charms
 + Level 3.4(3.2) Summonings
 + Level 3.4(3.2) Necromancy
 + Level 3.4(3.2) Translocations
 + Level 3.4(3.2) Transmutations
 + Level 3.4(3.2) Fire Magic
 + Level 3.4(3.2) Ice Magic
 + Level 3.4(3.2) Air Magic
 + Level 3.4(3.2) Earth Magic
 + Level 3.4(3.2) Poison Magic
 + Level 4.6(4.4) Invocations
 + Level 4.1(3.9) Evocations


You had 14 spell levels left.
You knew the following spells:

 Your Spells              Type           Power        Failure   Level  Hunger
a - Infusion              Chrm           ####         3%          1    None
b - Regeneration          Chrm/Necr      ###.......   21%         3    ##.....
c - Spectral Weapon       Hex/Chrm       ###.....     21%         3    ##.....

Your spell library contained the following spells:

 Spells                   Type           Power        Failure   Level  Hunger
 Song of Slaying          Chrm           ####....     5%          2    None
 Shroud of Golubria       Chrm/Tloc      ###...       11%         2    None


Dungeon Overview and Level Annotations

Branches:
Dungeon (6/15)             Temple (1/1) D:5         Ossuary (visited)

Altars:
Ashenzari
Cheibriados
Dithmenos
Elyvilon
Fedhas
Hepliaklqana
Kikubaaqudgha
Makhleb
Okawaru
Qazlal
Ru
Trog
Uskayaw
Vehumet
Wu Jian
Xom
Yredelemnul
The Shining One


Innate Abilities, Weirdness & Mutations

Your experience applies equally to all skills.
You have very sharp teeth.
Your uncanny sense of smell can sniff out nearby items.


Message History

The orc enters a dispersal trap!
The orc priest blinks! x2; The orc blinks! x2
The orc priest blinks!
You blink.
The orc blinks!
You puncture the orc!
You kill the orc!
Okawaru accepts your kill.
The orc priest looks braver for a moment.
The orc priest invokes the aid of Beogh against you.
Pain shoots through your body!
* * * LOW HITPOINT WARNING * * *
The orc priest miscasts a cantrip.
The orc priest looks encouraged for a moment.
The orc priest calls down the wrath of Beogh upon you.
Beogh smites you!
* * * LOW HITPOINT WARNING * * *
The orc priest looks satisfied for a moment.
The orc priest begins to cast a cantrip, but forgets the words!
The orc priest casts a cantrip, but nothing happens.
The orc priest calls down the wrath of Beogh upon you.
Beogh smites you!
You die...

############
#.......o..#
#@########.#
#.######.#.#
#........#.#
########.#.#
#..#.#.#
#..#.#.# ∆
#<.#.#o#
#.##.#o###
#....#...#


You could see an orc priest.

Vanquished Creatures
  Pikel (D:4)
  Prince Ribbit (D:6)
  Sigmund (D:3)
  An orc warrior (D:6)
  3 ogres
  A bullfrog (D:5)
  8 scorpions (Ossuary)
  A howler monkey (D:4)
  A centaur zombie (D:4)
  An orc priest (D:5)
  A jelly (D:5)
  3 human zombies (Ossuary)
  A centaur skeleton (D:4)
  Ijyb (D:4)
  3 orc wizards (D:6)
  2 worker ants
  4 big kobold zombies (Ossuary)
  2 hound skeletons
  3 mummies (Ossuary)
  5 adders
  9 gnolls
  5 scorpion zombies (Ossuary)
  2 adder zombies (D:5)
  A worm (D:5)
  2 dart slugs
  4 leopard geckos
  13 orcs
  2 bats (D:2)
  5 giant cockroaches
  A gnoll zombie (Ossuary)
  4 hobgoblins
  3 jackals (D:1)
  4 kobolds
  3 ball pythons
  5 frilled lizards
  7 goblins
  2 goblin zombies (Ossuary)
  A hobgoblin zombie (Ossuary)
  2 kobold zombies (Ossuary)
  4 orc zombies (Ossuary)
  5 rats
128 creatures vanquished.

Vanquished Creatures (others)
  A scorpion (Ossuary)
  3 spectral weapons
4 creatures vanquished.

Grand Total: 132 creatures vanquished

Notes
Turn   | Place    | Note
-------+----------+-------------------------------------------
     0 | D:1      | KeeTraxx the Gnoll Skald began the quest for the Orb.
     0 | D:1      | Reached XP level 1. HP: 20/20 MP: 6/6
    87 | D:1      | Reached XP level 2. HP: 26/26 MP: 3/7
   638 | D:1      | Reached XP level 3. HP: 31/31 MP: 9/9
   781 | D:1      | Reached skill level 5 in Spellcasting
  1065 | D:2      | Learned a level 3 spell: Regeneration
  1069 | D:2      | Learned a level 3 spell: Spectral Weapon
  1105 | D:2      | Reached skill level 1 in Invocations
  1107 | D:2      | Found a shadowy altar of Dithmenos.
  1108 | D:2      | You fall into a shaft and drop 2 floors!
  1108 | D:4      | Noticed a slave
  1108 | D:4      | Noticed a slave
  1108 | D:4      | Noticed a slave
  1108 | D:4      | Noticed Pikel
  1108 | D:4      | Noticed a slave
  1113 | D:4      | Noticed an ogre
  1221 | D:2      | Reached skill level 1 in Short Blades
  1221 | D:2      | Reached skill level 1 in Long Blades
  1221 | D:2      | Reached skill level 1 in Axes
  1221 | D:2      | Reached skill level 1 in Maces & Flails
  1221 | D:2      | Reached skill level 1 in Staves
  1221 | D:2      | Reached skill level 1 in Slings
  1221 | D:2      | Reached skill level 1 in Bows
  1221 | D:2      | Reached skill level 1 in Crossbows
  1221 | D:2      | Reached skill level 1 in Throwing
  1221 | D:2      | Reached skill level 1 in Stealth
  1221 | D:2      | Reached skill level 1 in Shields
  1221 | D:2      | Reached skill level 1 in Unarmed Combat
  1221 | D:2      | Reached skill level 1 in Evocations
  1221 | D:2      | Reached XP level 4. HP: 38/38 MP: 7/11
  1513 | D:2      | Found a bloodstained altar of Trog.
  1768 | D:3      | Reached skill level 1 in Conjurations
  1768 | D:3      | Reached skill level 1 in Hexes
  1768 | D:3      | Reached skill level 1 in Summonings
  1768 | D:3      | Reached skill level 1 in Necromancy
  1768 | D:3      | Reached skill level 1 in Translocations
  1768 | D:3      | Reached skill level 1 in Transmutations
  1768 | D:3      | Reached skill level 1 in Fire Magic
  1768 | D:3      | Reached skill level 1 in Ice Magic
  1768 | D:3      | Reached skill level 1 in Air Magic
  1768 | D:3      | Reached skill level 1 in Earth Magic
  1768 | D:3      | Reached skill level 1 in Poison Magic
  1827 | D:3      | Found a burning altar of Makhleb.
  1832 | D:3      | Noticed Sigmund
  2028 | D:3      | Killed Sigmund
  2028 | D:3      | Reached XP level 5. HP: 32/43 MP: 8/12
  2028 | D:3      | Reached XP level 6. HP: 38/50 MP: 8/13
  2497 | D:4      | Noticed Ijyb
  2502 | D:4      | Reached skill level 5 in Fighting
  2502 | D:4      | Reached skill level 5 in Polearms
  2502 | D:4      | Reached skill level 5 in Dodging
  2506 | D:4      | Killed Ijyb
  2686 | D:4      | Reached XP level 7. HP: 41/56 MP: 4/15
  2973 | D:4      | Killed Pikel
  2973 | D:4      | Reached XP level 8. HP: 63/63 MP: 7/16
  3215 | D:5      | Entered Level 5 of the Dungeon
  3272 | D:5      | Found a sand-covered staircase.
  3278 | Ossuary  | Entered an ossuary
  4612 | D:5      | Found a staircase to the Ecumenical Temple.
  4618 | Temple   | Entered the Ecumenical Temple
  4764 | Temple   | Became a worshipper of Warmaster Okawaru
  4814 | D:5      | Reached XP level 9. HP: 69/69 MP: 16/18
  5417 | D:6      | Noticed Prince Ribbit
  5437 | D:6      | Killed Prince Ribbit
  5563 | D:6      | Reached * piety under Okawaru
  5563 | D:6      | Reached skill level 5 in Armour
  5654 | D:6      | Killed from afar by an orc priest

Levels and vault maps discovered:
D:1:      nicolae_arrival_washed_ashore, layout_loops_ring
D:2:      layout_loops_ring, lemuel_coloured_pillars_altar, first_ration,
          grunt_dithmenos_smoke_and_mirrors
D:3:      layout_loops_ring, kennysheep_cluttered_room, bloody_makhleb,
          uniq_sigmund
D:4:      layout_rooms, minmay_misc_feat_ornament, hex_large, st_stairs_11,
          minmay_misc_feat_four_crosses, uniq_ijyb, uniq_pikel
D:5:      layout_cave_pools, minmay_temple_entry_hall, enter_ossuary_2,
          due_unseen_surprise
D:6:      layout_basic, uniq_prince_ribbit1
Temple:   nicolae_temple_elliptical

Skill      XL: |  1  2  3  4  5  6  7  8  9 |
---------------+----------------------------+-----
Spellcasting   | 5 6 |  6.6
Invocations    | 1 2 3 4 |  4.6
Short Blades   | 1 2 3 4 |  4.1
Long Blades    | 1 2 3 4 |  4.1
Axes           | 1 2 3 4 |  4.1
Maces & Flails | 1 2 3 4 |  4.1
Staves         | 1 2 3 4 |  4.1
Slings         | 1 2 3 4 |  4.1
Bows           | 1 2 3 4 |  4.1
Crossbows      | 1 2 3 4 |  4.1
Throwing       | 1 2 3 4 |  4.1
Stealth        | 1 2 3 4 |  4.1
Shields        | 1 2 3 4 |  4.1
Unarmed Combat | 1 2 3 4 |  4.1
Evocations     | 1 2 3 4 |  4.1
Conjurations   | 1 2 3 |  3.4
Hexes          | 1 2 3 |  3.4
Summonings     | 1 2 3 |  3.4
Necromancy     | 1 2 3 |  3.4
Translocations | 1 2 3 |  3.4
Transmutations | 1 2 3 |  3.4
Fire Magic     | 1 2 3 |  3.4
Ice Magic      | 1 2 3 |  3.4
Air Magic      | 1 2 3 |  3.4
Earth Magic    | 1 2 3 |  3.4
Poison Magic   | 1 2 3 |  3.4
Armour         | 3 4 5 |  5.0
Fighting       | 5 6 |  6.2
Polearms       | 5 6 |  6.2
Dodging        | 5 6 |  6.2
Charms         | 6 |  6.5

Action                   |  1- 3 |  4- 6 |  7- 9 || total
-------------------------+-------+-------+-------++-------
Melee: Spear             |    84 |   128 |   223 ||   435
       Bite              |     8 |    11 |    37 ||    56
       Trident           |       |       |   101 ||   101
       Punch             |       |       |     4 ||     4
Throw: Dart              |       |     3 |    27 ||    30
 Cast: Infusion          |     2 |     1 |     7 ||    10
       Spectral Weapon   |     1 |    11 |    29 ||    41
       Regeneration      |       |     2 |    14 ||    16
Evoke: Wand              |       |     1 |     5 ||     6
  Use: Scroll            |     2 |     1 |     9 ||    12
       Potion            |       |       |     1 ||     1
 Stab: Sleeping          |     1 |       |       ||     1
       Betrayed ally     |       |       |     1 ||     1
       Distracted        |       |       |     5 ||     5
  Eat: Chunk             |       |     7 |     5 ||    12
       Ration            |       |       |     2 ||     2
Armor: Leather armour    |     3 |       |       ||     3
       Plate armour      |    11 |       |       ||    11
       Scale mail        |       |    34 |    90 ||   124
Dodge: Dodged            |    30 |    54 |   141 ||   225
